 Dungeon Crawl Stone Soup version 0.30-a0-476-g330ca2eb8e (webtiles) character file.

Game seed: 5146213188687681958

3805 Sweetruy1997 the Slicer (level 10, -3/57 HPs)
             Began as a Tengu Berserker on Dec 22, 2022.
             Was an Elder of Trog.
             Slain by a hornet (11 damage)
             ... on level 8 of the Dungeon.
             The game lasted 00:22:06 (6026 turns).

Sweetruy1997 the Slicer (Tengu Berserker)           Turns: 6026, Time: 00:22:06

Health: -3/57      AC:  9    Str: 18    XL:     10   Next: 17%
Magic:  11/11      EV: 16    Int: 10    God:    Trog [****..]
Gold:   190        SH:  0    Dex: 15    Spells: 9/9 levels left

rFire   + . .      SeeInvis .    q - +2 short sword (venom)
rCold   . . .      Faith    .    F - orb {light}
rNeg    . . .      Spirit   .    x - +1 leather armour of Eternity {+Inv rF+}
rPois   .          Reflect  .    E - +2 hat
rElec   .          Harm     .    h - +0 cloak
rCorr   .          Rampage  .    t - +0 pair of gloves
Will    +++..                    (boots unavailable)
Stlth   +.........               (no amulet)
HPRegen 1.29/turn                s - +4 ring of slaying
MPRegen 0.12/turn                m - ring of willpower

@: lethally poisoned (-3 -> -3), strong-willed, on berserk cooldown, flying
quickly and evasively, regenerating, slowed, glowing, very slow
A: beak, talons 3, nimble flight
a: Renounce Religion, Evoke Invisibility, Berserk, Trog's Hand, Brothers in Arms


You were on level 8 of the Dungeon.
You worshipped Trog.
Trog was greatly pleased with you.
You visited 2 branches of the dungeon, and saw 9 of its levels.

You collected 357 gold pieces.
You spent 167 gold pieces at shops.

Inventory:

Hand Weapons
 q - a +2 short sword of venom (weapon)
Missiles
 B - a boomerang (quivered)
 C - 2 javelins
Armour
 h - a +0 cloak (worn)
 t - a +0 pair of gloves (worn)
 x - the +1 leather armour of Eternity (worn) {+Inv rF+}
   (You found it on level 5 of the Dungeon)

   rF:        It protects you from fire.
   +Inv:      It lets you turn invisible.
 E - a +2 hat (worn)
 F - an orb of light (worn)
Jewellery
 b - a ring of see invisible
 i - a ring of ice
 m - a ring of willpower (right hand)
 s - a +4 ring of slaying (left hand)
 D - a ring of positive energy
Wands
 u - a wand of flame (13)
Scrolls
 a - 2 scrolls of magic mapping
 f - 2 scrolls of enchant weapon
 g - 2 scrolls of fog
 j - a scroll of teleportation {unknown}
 o - a scroll of torment {unknown}
 p - a scroll of vulnerability {unknown}
 r - a scroll of blinking
 w - a scroll of butterflies {unknown}
 y - a scroll of acquirement {unknown}
 G - a scroll of enchant armour
Potions
 c - a potion of berserk rage {unknown}
 d - 3 potions of curing
 e - a potion of heal wounds {unknown}
 k - a potion of haste
 l - a potion of ambrosia {unknown}
 n - 2 potions of mutation {unknown}
 v - a potion of lignification
 A - a potion of resistance {unknown}


   Skills:
 + Level 4.3 Fighting
 - Level 10.0 Short Blades
 - Level 4.4 Axes
 + Level 5.2 Throwing
 + Level 7.1 Armour
 + Level 4.3 Dodging
 + Level 2.6 Stealth
 + Level 3.7 Evocations


You had 9 spell levels left.
You didn't know any spells.
Your spell library was empty.

Dungeon Overview and Level Annotations

Branches:
Dungeon (8/15)             Temple (1/1) D:4
   Lair: D:8-11

Altars:
Ashenzari
Cheibriados
Dithmenos
Elyvilon
Fedhas
Gozag
Hepliaklqana
Kikubaaqudgha
Makhleb
Nemelex Xobeh
Okawaru
Qazlal
Ru
Trog
Wu Jian
Xom
Yredelemnul
Zin

Shops:
D:3 [(*


Innate Abilities, Weirdness & Mutations

You have a beak for a mouth.
You have claws for feet.
Your magical nature lets you fly swiftly and evasively.


Message History

An orc comes into view. It is wielding a +0 flail.
An orc wizard comes into view.
It is wielding a +2 dagger of venom and wearing a +0 robe of fire resistance.
The hornet completely misses you. The centaur closely misses you.
The centaur barely misses you.
An orc comes into view. It is wielding a +0 whip.
The hornet stings you but does no damage.
The centaur misses you. The centaur barely misses you.
The orc shouts!
You hit the centaur.
The centaur looks as sick as possible!
You claw the centaur.
You kill the centaur!
Trog accepts your kill. The hornet completely misses you.
You hit the orc wizard.
The orc wizard is lightly wounded.
The hornet stings you!
* * * LOW HITPOINT WARNING * * *
You are poisoned.
You feel as though you will be slow longer.
You puncture the orc wizard!
The orc wizard is poisoned.
The orc wizard is severely wounded.
You feel very sick.
The hornet stings you but does no damage.
The orc wizard misses you.
Blink to where?
Press: ? - help, Dir - move target
As you read the scroll of blinking, it crumbles to dust.
You feel very sick.
The orc drinks a potion.
The orc seems to speed up.
You feel sick.
You kill the orc wizard!
Trog accepts your kill.
Trog appreciates your killing of a magic user.
The sky beast flickers out of sight!
Deactivating autopickup; reactivate with Ctrl-A.
You feel sick.
You feel sick.
The hornet stings you but does no damage.
You feel sick. The hornet stings you!
You die...

#..#...P..#.##.... #..#
#....P~~P.#.##..# #..#
#.....PP.....#..#####..#
#..........#....#>......
#..)......##.#.###>.#
####...#.##....###..#
#...#......))).).#
####...##.....)§##)##
#...@yo....o.).)##.##
#<#######.>###o###...
#†# #### o.. ###. #.#
..≈.. ## #.# .."≈!o. #
#.# .o≈≈≈≈≈.. # #.#
.....≈oooo. ...
.....[≈(T..o. ...


You could see a hornet and 2 orcs.

Vanquished Creatures
  A wraith (D:5)
  A wyvern (D:5)
  Duvessa (D:6)
  3 orc warriors
  A sky beast (D:6)
  2 black bears
  An ogre (D:7)
  2 centaurs
  A phantom (D:5)
  A kobold brigand (D:8)
  2 necrophages (D:7)
  2 bullfrogs
  A gnoll sergeant (D:5)
  6 scorpions
  9 wights (D:7)
  Dowan (D:6)
  5 killer bees (D:8)
  A howler monkey (D:8)
  4 hounds
  5 orc priests
  5 jellies
  An iguana (D:4)
  10 orc wizards
  11 gnolls
  7 adders
  2 shadow imps (D:5)
  2 white imps
  An ufetubus (D:4)
  4 dart slugs
  37 orcs
  7 bats
  11 endoplasms
  6 giant cockroaches
  6 goblins
  6 hobgoblins
  A jackal (D:5)
  4 quokkas
  7 ball pythons
  4 frilled lizards
  11 kobolds
  5 rats
198 creatures vanquished.

Vanquished Creatures (others)
  2 orcs (D:6)
  8 plants (D:5)
10 creatures vanquished.

Grand Total: 208 creatures vanquished

Notes
Turn   | Place    | Note
-------+----------+-------------------------------------------
     0 | D:1      | Sweetruy1997 the Tengu Berserker began the quest for the
                  | Orb.
     0 | D:1      | Reached XP level 1. HP: 14/14 MP: 2/2
   174 | D:1      | Reached XP level 2. HP: 19/19 MP: 3/3
   764 | D:2      | Reached XP level 3. HP: 23/23 MP: 4/4
  1309 | D:2      | Found an ornate altar of the Wu Jian Council.
  1394 | D:2      | Reached XP level 4. HP: 29/29 MP: 5/5
  1399 | D:2      | Reached ** piety under Trog
  1840 | D:3      | Found Veiseneq's Weapon Shop.
  1849 | D:3      | Bought 6 javelins for 57 gold pieces
  2062 | D:3      | Found Zaticsi's Antique Armour Emporium.
  2216 | D:3      | Found a faded altar of an unknown god.
  2351 | D:3      | Reached skill level 1 in Throwing
  2355 | D:3      | Gained mutation: Your magical nature lets you fly swiftly
                  | and evasively. [Tengu growth]
  2355 | D:3      | Reached XP level 5. HP: 30/33 MP: 6/6
  2376 | D:3      | HP: 1/33 [poisoned by an orc wizard]
  2540 | D:3      | Found Xestoomo's General Store.
  2548 | D:3      | Bought a potion of haste for 110 gold pieces
  2645 | D:4      | Found a staircase to the Ecumenical Temple.
  2662 | D:4      | Reached skill level 1 in Short Blades
  2666 | D:4      | Reached XP level 6. HP: 38/38 MP: 7/7
  2706 | Temple   | Entered the Ecumenical Temple
  2790 | D:4      | Reached skill level 2 in Short Blades
  2932 | D:4      | Found a sacrificial altar of Ru.
  2978 | D:4      | Found a shadowy altar of Dithmenos.
  3194 | D:4      | Reached *** piety under Trog
  3423 | D:5      | Entered Level 5 of the Dungeon
  3425 | D:5      | Identified the +1 leather armour of Eternity {+Inv rF+}
  3455 | D:5      | Reached XP level 7. HP: 39/39 MP: 8/8
  3489 | D:5      | Reached skill level 3 in Short Blades
  3489 | D:5      | Reached skill level 5 in Armour
  3494 | D:5      | Reached skill level 1 in Stealth
  3598 | D:5      | Noticed a wyvern
  3606 | D:5      | Killed a wyvern
  3607 | D:5      | Reached skill level 4 in Short Blades
  3609 | D:5      | Reached XP level 8. HP: 40/48 MP: 9/9
  3611 | D:5      | Reached skill level 5 in Short Blades
  3614 | D:5      | Reached skill level 1 in Evocations
  3760 | D:5      | Noticed a wraith
  3772 | D:5      | Killed a wraith
  3773 | D:5      | Reached skill level 6 in Short Blades
  4121 | D:6      | Found a runed translucent door.
  4126 | D:6      | Reached skill level 7 in Short Blades
  4216 | D:6      | Noticed Duvessa
  4220 | D:6      | Noticed Dowan
  4230 | D:6      | Killed Duvessa
  4234 | D:6      | Reached XP level 9. HP: 51/52 MP: 10/10
  4243 | D:6      | Killed Dowan
  4276 | D:6      | Reached skill level 8 in Short Blades
  4792 | D:6      | Reached **** piety under Trog
  4968 | D:6      | Reached skill level 9 in Short Blades
  5363 | D:7      | Reached skill level 10 in Short Blades
  5835 | D:8      | Reached XP level 10. HP: 56/56 MP: 11/11
  6012 | D:8      | Reached skill level 5 in Throwing
  6026 | D:8      | Slain by a hornet

Illustrated notes

Levels and vault maps discovered:
D:1:      dpeg_chamrin_arrival_tetris, layout_basic
D:2:      minmay_skewed_foursquare, layout_loops_ring, basic_altar,
          nicolae_underground_beach
D:3:      layout_loops_ring, chequers_ecumenical_altar_simple_redux,
          serial_glass, glass_columns_b, glass_columns_b, serial_shops, shop,
          nicolae_square_shop, shop
D:4:      layout_basic, kennysheep_mini_moat, nicolae_ru_path_of_blood,
          minmay_temple_entry_ruins
D:5:      layout_basic, serial_bayou_pond_c, minmay_manual_monstrance
D:6:      layout_rooms, grunt_ministairs_9, lightli_church_of_beogh,
          uniq_duvessa
D:7:      layout_rooms
D:8:      gammafunk_corrupted_shrine, layout_loops_ring, tso_oasis_becter,
          nicolae_sif_muna_little_library, ebering_ghost_rock_garden,
          kennysheep_another_room, nrook_campfire, grunt_potential
Temple:   nicolae_temple_x_marks_the_god

Skill      XL: |  1  2  3  4  5  6  7  8  9 10 |
---------------+-------------------------------+-----
Axes           | 4 |  4.4
Throwing       | 1 2 4 5 |  5.2
Armour         | 3 4 6 7 |  7.1
Fighting       | 4 |  4.3
Short Blades   | 1 2 4 7 10 | 10.0
Dodging        | 3 4 |  4.3
Stealth        | 1 2 |  2.6
Evocations     | 1 3 |  3.7

Action                   |  1- 3 |  4- 6 |  7- 9 | 10-12 || total
-------------------------+-------+-------+-------+-------++-------
Melee: Hand axe          |    69 |    30 |       |       ||    99
       Kick              |    13 |    22 |    51 |     7 ||    93
       Peck              |     5 |     6 |    37 |     5 ||    53
       Short sword       |       |    64 |   175 |    27 ||   266
       Punch             |       |     2 |     1 |       ||     3
Throw: Javelin           |       |    38 |    13 |       ||    51
       Throwing net      |       |     1 |     3 |       ||     4
       Boomerang         |       |       |    83 |    12 ||    95
Invok: Berserk           |     2 |     2 |     3 |     1 ||     8
       Trog's Hand       |       |     1 |     1 |     1 ||     3
 Abil: Evoke Invisibilit |       |     1 |     1 |       ||     2
  Use: Scroll            |     3 |     3 |     6 |     1 ||    13
       Potion            |       |     2 |     4 |       ||     6
 Stab: Sleeping          |     1 |       |     1 |       ||     2
       Invisible         |       |     1 |     2 |       ||     3
       Held in net/web   |       |       |     1 |       ||     1
Armor: Animal skin       |     1 |       |       |       ||     1
       Leather armour    |    10 |       |    35 |     8 ||    53
       Chain mail        |    21 |    66 |       |       ||    87
       Skin              |       |       |     5 |       ||     5
Dodge: Dodged            |    31 |    41 |    77 |    25 ||   174

Table legend: (Time is in decaauts)
 A = Elapsed time spent in this place.
 B = Non-inter-level travel time spent in this place.
 C = Inter-level travel time spent in this place.
 D = Time resting spent in this place.
 E = Time spent auto-exploring this place.
 F = Levels seen in this place.
 G = Mean time per level.
                   A        B        C        D        E       F      G
               +--------+--------+--------+--------+--------+-----+--------+
         Total |   5819 |   5661 |    158 |    144 |   4350 |   9 |  646.6 |
       Dungeon |   5762 |   5612 |    150 |    144 |   4309 |   8 |  720.2 |
        Temple |     56 |     49 |      7 |      0 |     41 |   1 |   56.0 |
               +--------+--------+--------+--------+--------+-----+--------+

Top non-repeatable levels by time:
     D:2: 1046 daAuts
     D:6: 890 daAuts
     D:3: 800 daAuts
     D:1: 781 daAuts
     D:4: 702 daAuts
     D:7: 700 daAuts
     D:5: 667 daAuts
     D:8: 175 daAuts
  Temple: 56 daAuts
